 Dungeon Crawl Stone Soup version 0.29.0-7-g18a832c13a (webtiles) character file.

Game seed: 1654909041639917345

64 gelatine the Magician (level 3, 0/24 HPs)
             Began as a Demonspawn Hedge Wizard on Aug 31, 2022.
             Was a Follower of Kikubaaqudgha.
             Slain by a gnoll
             ... wielding a +0 spear
              (5 damage)
             ... on level 3 of the Dungeon.
             The game lasted 00:05:25 (3010 turns).

gelatine the Magician (Demonspawn Hedge Wizard)     Turns: 3010, Time: 00:05:26

Health: 0/24       AC:  3    Str: 10    XL:     3   Next: 91%
Magic:  7/8        EV: 12    Int: 17    God:    Kikubaaqudgha [*.....]
Gold:   162        SH:  0    Dex: 12    Spells: 7/9 levels left

rFire   . . .      SeeInvis .   r - +4 short sword
rCold   . . .      Faith    .   (no shield)
rNeg    . . .      Spirit   .   b - +0 robe
rPois   .          Reflect  .   c - +0 hat
rElec   .          Harm     .   (no cloak)
rCorr   .          Rampage  .   a - +0 pair of gloves
Will    .....                   (no boots)
Stlth   ++........              (no amulet)
HPRegen 0.08/turn               (no ring)
MPRegen 0.11/turn               (no ring)

@: no status effects
A: horns 1, demonic magic 1
a: Renounce Religion, Unearth Wretches


You were on level 3 of the Dungeon.
You worshipped Kikubaaqudgha.
Kikubaaqudgha was aware of your devotion.
You visited 1 branch of the dungeon, and saw 3 of its levels.

You collected 162 gold pieces.

Inventory:

Hand Weapons
 o - a +0 dagger of venom
 r - a +4 short sword (weapon)
Armour
 a - a +0 pair of gloves (worn)
 b - a +0 robe (worn)
 c - a +0 hat (worn)
 i - a +0 buckler
Magical Staves
 s - a staff of cold
Scrolls
 e - a scroll of teleportation {unknown}
 g - a scroll of enchant weapon {unknown}
 h - 8 scrolls of identify {unknown}
 k - 2 scrolls of fear {unknown}
 l - a scroll of noise {unknown}
 m - a scroll of summoning {unknown}
 n - a scroll of vulnerability {unknown}
Potions
 f - 2 potions of might {unknown}
 j - a potion of curing {unknown}
 p - a potion of cancellation {unknown}
 q - 3 potions of degeneration {unknown}


   Skills:
 + Level 0.1 Short Blades
 + Level 1.7 Dodging
 + Level 2.7 Stealth
 + Level 3.8 Spellcasting
 + Level 1.6 Conjurations
 + Level 1.0 Summonings
 + Level 0.1 Necromancy
 + Level 0.8 Translocations


You had 7 spell levels left.
You knew the following spells:

 Your Spells              Type           Power      Damage    Failure   Level
a - Magic Dart            Conj           36%        1d4       9%          1
b - Necrotise             Necr           12%        1d4       16%         1

Your spell library contained the following spells:

 Spells                   Type           Power      Damage    Failure   Level
 Slow                     Hex            12%        N/A       16%         1
 Sting                    Tmut/Pois      12%        1d3       16%         1
 Call Imp                 Summ           6%         N/A       16%         2
 Blink                    Tloc           12%        N/A       17%         2
 Sublimation of Blood     Necr           3%         N/A       22%         2
 Poisonous Vapours        Pois/Air       6%         N/A       24%         2
 Conjure Flame            Conj/Fire      6%         6-21      34%         3
 Mephitic Cloud           Conj/Pois/Air  5%         N/A       36%         3
 Vampiric Draining        Necr           3%         2d6       41%         3
 Confusing Touch          Hex            3%         N/A       43%         3
 Anguish                  Hex/Necr       1%         N/A       83%         4
 Olgreb's Toxic Radiance  Pois           3%         N/A       85%         4


Dungeon Overview and Level Annotations

Branches:
Dungeon (3/15)

Altars:
Kikubaaqudgha

Shops:
D:1 !


Innate Abilities, Weirdness & Mutations

You have a pair of small horns on your head.
Spells you cast may paralyse adjacent enemies.


Message History

A gnoll comes into view. It is wielding a +0 club.
The gnoll writhes in agony.
Malevolent energies surge around you.
The gnoll writhes in agony.
Malevolent energies surge around you.
The gnoll writhes in agony.
Malevolent energies surge around you.
The gnoll writhes in agony.
Malevolent energies surge around you.
The gnoll hits you from afar with a +0 spear!
The gnoll writhes in agony.
Malevolent energies surge around you. The gnoll hits you but does no damage.
The gnoll resists with significant effort.
Malevolent energies surge around you.
The gnoll hits you from afar with a +0 spear.
The gnoll resists with significant effort.
Malevolent energies surge around you.
The gnoll hits you from afar with a +0 spear.
You are too injured to fight recklessly!
Casting: Necrotise (safe; 16% risk of failure)
Confirm with . or Enter, or press ? or * to list all spells.
You don't have enough magic to cast this spell.
Magic courses through your body. The gnoll barely misses you.
Casting: Necrotise (safe; 16% risk of failure)
Confirm with . or Enter, or press ? or * to list all spells.
Aiming: Magic Dart (safe; 9% risk of failure)
Press: ? - help, Shift-Dir - straight line, f/p - gnoll
Aim: a gnoll, wielding a +0 spear (heavily wounded, 100% to hit)
The magic dart hits the gnoll.
The gnoll is severely wounded.
Malevolent energies surge around you.
The gnoll hits you from afar with a +0 spear!
* * * LOW HITPOINT WARNING * * *
Casting: Magic Dart (safe; 9% risk of failure)
Confirm with . or Enter, or press ? or * to list all spells.
Aiming: Magic Dart (safe; 9% risk of failure)
Press: ? - help, Shift-Dir - straight line, f/p - gnoll
Aim: a gnoll, wielding a +0 spear (severely wounded, 100% to hit)
The magic dart hits the gnoll.
The gnoll is severely wounded.
Malevolent energies surge around you.
The gnoll hits you from afar with a +0 spear.
You die...
Kikubaaqudgha rasps: "You have failed me!
Welcome... death!"

.....###########......
..............##.#####
#............##.#####
'.................†..
............##.##### #
#........###.# ## ...
#........# #.# .#
....g##.)......# #.#
.+ ...ggg'@.....†.#
#.# .#
....g##........# #.#
## .... #........# #.#
# .. #........# #.# #
#........# #
#........# #
#........' # #........
# #. #


You could see 4 gnolls and a goblin.

Vanquished Creatures
  An adder (D:2)
  A worm (D:3)
  A dart slug (D:1)
  4 ball pythons
  5 endoplasms
  5 giant cockroaches
  5 goblins
  4 hobgoblins
  2 quokkas
  6 bats
  2 frilled lizards
  2 kobolds (D:2)
  5 rats
43 creatures vanquished.

Vanquished Creatures (collateral kills)
  A bat (D:3)
  A kobold (D:3)
2 creatures vanquished.

Grand Total: 45 creatures vanquished

Notes
Turn   | Place    | Note
-------+----------+-------------------------------------------
     0 | D:1      | gelatine the Demonspawn Hedge Wizard began the quest for
                  | the Orb.
     0 | D:1      | Reached XP level 1. HP: 13/13 MP: 4/4
   490 | D:1      | Gained mutation: Spells you cast may paralyse adjacent
                  | enemies. [demonic ancestry]
   490 | D:1      | Reached XP level 2. HP: 12/19 MP: 0/6
   631 | D:1      | Found Navunuga's Distillery.
  1221 | D:2      | Gained mutation: You have a pair of small horns on your
                  | head. [demonic ancestry]
  1221 | D:2      | Reached XP level 3. HP: 24/24 MP: 4/8
  2325 | D:3      | Found a faded altar of an unknown god.
  2365 | D:3      | Prayed at the altar of an unknown god.
  2365 | D:3      | Became a worshipper of Kikubaaqudgha
  2365 | D:3      | Reached * piety under Kikubaaqudgha
  2365 | D:3      | Received a gift from Kikubaaqudgha
  2454 | D:3      | Learned a level 1 spell: Necrotise
  3010 | D:3      | Slain by a gnoll

Illustrated notes

Levels and vault maps discovered:
D:1:      minmay_arrival_stair_chambers, layout_loops_ring, serial_shops,
          shop_statue, minmay_tripent
D:2:      layout_loops_ring, minmay_distorted
D:3:      layout_basic, shapermc_ecumenical_altar_notcrosses

Skill      XL: |  1 |
---------------+----+-----
Stealth        | 2 |  2.7
Short Blades   | |  0.1
Dodging        | |  1.7
Spellcasting   | |  3.8
Conjurations   | |  1.6
Summonings     | |  1.0
Necromancy     | |  0.1
Translocations | |  0.8

Action                   || total
-------------------------++-------
Melee: Dagger            ||    16
       Short sword       ||     5
       Headbutt          ||     1
 Cast: Magic Dart        ||    91
       Necrotise         ||    35
  Use: Potion            ||     1
 Stab: Paralysed         ||     5
Armor: Robe              ||     6
Dodge: Dodged            ||    23
